 Dungeon Crawl Stone Soup version 0.20-a0-854-g0cc194a (webtiles) character file.

60 Alarkh the Skirmisher (level 3, 0/29 HPs)
             Began as a Demonspawn Fighter on Mar 11, 2017.
             Was an Initiate of Gozag.
             Killed by divine providence
             ... invoked by an orc priest
              (12 damage)
             ... on level 2 of the Dungeon.
             The game lasted 00:02:02 (2061 turns).

Alarkh the Skirmisher (Demonspawn Fighter)          Turns: 2061, Time: 00:02:04

Health: 0/29       AC:  6    Str: 16    XL:     3   Next: 80%
Magic:  3/3        EV:  7    Int: 10    God:    Gozag
Gold:   189        SH:  9    Dex: 14    Spells: 2/2 levels left

rFire    . . .     SeeInvis .   a - +0 long sword
rCold    . . .     Gourm    .   b - +0 scale mail
rNeg     . . .     Faith    .   c - +0 shield
rPois    .         Spirit   .   (no helmet)
rElec    .         Reflect  .   (no cloak)
rCorr    .         Harm     .   (no gloves)
MR       .....                  (no boots)
Stlth    +.........             e - amulet of magic regeneration
Regen    0.1/turn               (no ring)
MPRegen  0.2/turn               (no ring)

@: no status effects
A: thin skeletal structure 1
a: Potion Petition, Call Merchant, Bribe Branch, Renounce Religion


You were on level 2 of the Dungeon.
You worshipped Gozag.
Gozag was aware of your devotion.
You were not hungry.

You visited 1 branch of the dungeon, and saw 3 of its levels.

You collected 189 gold pieces.

Inventory:

Hand Weapons
 a - a +0 long sword (weapon)
Armour
 b - a +0 scale mail (worn)
 c - a +0 shield (worn)
Jewellery
 e - an amulet of magic regeneration (around neck)
Scrolls
 i - a scroll of remove curse {unknown}
Potions
 d - a potion of might
 h - a potion of haste {unknown}
 j - 2 potions of lignification {unknown}


   Skills:
 + Level 3.3 Fighting
 * Level 2.5 Long Blades
 + Level 2.9 Armour
 + Level 1.3 Dodging
 + Level 3.0 Shields


You had 2 spell levels left.
You didn't know any spells.

Dungeon Overview and Level Annotations

Branches:
Dungeon (3/15)

Altars:
Gozag
Vehumet
Xom


Innate Abilities, Weirdness & Mutations

You have a somewhat thin skeletal structure. (Dex +2, Stealth)


Message History

You hit the orc priest but do no damage.
You block the orc's attack.
The orc priest miscasts a cantrip.
The orc barely misses you.
You hit the orc priest.
The orc priest is moderately wounded.
You block the orc priest's attack. The orc hits you.
The orc priest barely misses you.
You riposte.
You hit the orc priest but do no damage.
The orc priest is moderately wounded.
You hit the orc priest but do no damage.
The orc priest is moderately wounded.
You block the orc's attack. You block the orc priest's attack.
You slash the orc priest!
The orc priest is severely wounded.
The orc barely misses you.
The orc priest invokes the aid of Beogh against you.
Beogh smites you!
You die...
Your body crumbles into a pile of gold.

####.######..>..#.##......
#.........#.......##.###.)
#.#..##.#>#.....####.# #..
##.#..##.#.#..........###[.
##........#.########.......#
#.....##..#.# #.####..#
#.§.§.##..#.# #.####..#
#§._).....o.# #.##....#
#§§.§.##.##@# ######.##.#.##
#..§..##...o# #...........#
#####.##....###.####.##.###
#.#<......#.##......# ##
#.#......((.(..#.#### #.
#......(..#......# #.
#####...########## #. #...#
#. ##### #.


You could see an orc priest and an orc.

Vanquished Creatures
  An ooze (D:2)
  A worm (D:2)
  2 leopard geckos
  An orc (D:3)
  10 bats
  2 giant cockroaches (D:2)
  5 goblins
  5 hobgoblins
  3 jackals (D:2)
  3 kobolds (D:2)
  2 quokkas (D:2)
  A ball python (D:2)
  5 frilled lizards
  5 rats
46 creatures vanquished.

Notes
Turn   | Place    | Note
-------+----------+-------------------------------------------
     0 | D:1      | Alarkh the Demonspawn Fighter began the quest for the Orb.
     0 | D:1      | Reached XP level 1. HP: 18/18 MP: 1/1
   341 | D:1      | Gained mutation: You have a somewhat thin skeletal structure. (Dex +2, Stealth) [demonic ancestry]
   341 | D:1      | Reached XP level 2. HP: 24/24 MP: 2/2
   872 | D:2      | Reached skill level 1 in Dodging
  1040 | D:2      | Reached XP level 3. HP: 29/29 MP: 3/3
  1191 | D:2      | Found a radiant altar of Vehumet.
  1224 | D:2      | Found a faded altar of an unknown god.
  1305 | D:2      | Became a worshipper of Gozag Ym Sagoz the Greedy
  1870 | D:3      | Found a shimmering altar of Xom.
  2061 | D:2      | Killed from afar by an orc priest

Vault maps used:
D:1:      dpeg_arrival_connections, feat_on_display
D:2:      fiery_altar_vehumet, chequers_ecumenical_altar_island
D:3:      overflow_temple_1_default, brannock_xom_greatest_gift,
          nicolae_overflow_crystal_walls

Skill      XL: |  1  2  3 |
---------------+----------+-----
Long Blades    | 2 |  2.5
Dodging        | 1 |  1.3
Shields        | 3 |  3.0
Fighting       | |  3.3
Armour         | |  2.9

Action                   || total
-------------------------++-------
Melee: Long sword        ||   193
  Use: Potion            ||     4
  Eat: Chunk             ||     2
       Bread ration      ||     1
Armor: Scale mail        ||   134
Dodge: Dodged            ||    80
Block: Shield            ||   132
       Rpst.: Long sword ||    24
